 Dungeon Crawl Stone Soup version 0.31.0-11-ge490571c62 (webtiles) character file.

Game seed: 8900101584912471893

42 Ashen the Grasshopper (level 3, -1/31 HPs)
             Began as a Gnoll Warper on Jan 28, 2024.
             Slain by a +1 spectral club (3 damage)
             ... created by Jessica
             ... on level 2 of the Dungeon.
             The game lasted 00:02:07 (1370 turns).

Ashen the Grasshopper (Gnoll Warper)                Turns: 1370, Time: 00:02:08

Health: -1/31      AC:  4    Str: 10    XL:     3   Next: 56%
Magic:  9/9        EV: 10    Int: 14    God:
Gold:   86         SH:  7    Dex: 11    Spells: 10/12 levels left

rFire   . . .        a - +0 spear
rCold   + . .        s - +0 kite shield {rC+}
rNeg    . . .        b - +0 leather armour
rPois   .            t - +0 helmet
rElec   .            (no cloak)
rCorr   +            (no gloves)
SInv    +            (no boots)
Will    .....        (no amulet)
Stlth   +            l - ring of see invisible
HPRegen 0.25/turn    o - ring of resist corrosion
MPRegen 0.11/turn

%: no passive effects
@: slowed, very slow
A: fangs 1, strong nose, distributed training
a: no special abilities


You were on level 2 of the Dungeon.
You visited 1 branch of the dungeon, and saw 2 of its levels.

You collected 86 gold pieces.

Inventory:

Hand Weapons
 a - a +0 spear (weapon)
Missiles
 d - 7 darts of dispersal (quivered)
Armour
 b - a +0 leather armour (worn)
 s - a +0 kite shield of cold resistance (worn)
 t - a +0 helmet (worn)
Jewellery
 l - a ring of see invisible (left hand)
 o - a ring of resist corrosion (right hand)
Scrolls
 c - a scroll of blinking
 e - a scroll of vulnerability {unknown}
 h - a scroll of revelation {unknown}
 i - 2 scrolls of identify {unknown}
 j - a scroll of enchant weapon {unknown}
 m - 2 scrolls of poison {unknown}
 p - a scroll of amnesia {unknown}
 r - 2 scrolls of immolation {unknown}
Potions
 f - a potion of curing {unknown}
 g - 2 potions of attraction {unknown}
 k - a potion of lignification {unknown}
 n - a potion of degeneration {unknown}
 q - a potion of magic {unknown}


   Skills:
 + Level 4.5 Fighting
 + Level 0.9 Short Blades
 + Level 0.9 Long Blades
 + Level 0.9 Axes
 + Level 0.9 Maces & Flails
 + Level 4.5 Polearms
 + Level 0.9 Staves
 + Level 0.9 Ranged Weapons
 + Level 2.6 Throwing
 + Level 2.6 Armour
 + Level 4.5 Dodging
 + Level 0.9 Stealth
 + Level 0.9 Shields
 + Level 0.9 Unarmed Combat
 + Level 5.0 Spellcasting
 + Level 0.6 Conjurations
 + Level 0.6 Hexes
 + Level 0.6 Summonings
 + Level 0.6 Necromancy
 + Level 5.4 Translocations
 + Level 0.6 Fire Magic
 + Level 0.6 Ice Magic
 + Level 0.6 Air Magic
 + Level 0.6 Earth Magic
 + Level 0.6 Alchemy
 + Level 1.0 Invocations
 + Level 0.9 Evocations
 + Level 0.7 Shapeshifting


You had 10 spell levels left.
You knew the following spells:

 Your Spells              Type           Power      Damage    Failure   Level
a - Blink                 Tloc           36%        N/A       21%         2

Your spell library contained the following spells:

 Spells                   Type           Power      Damage    Failure   Level
 Apportation              Tloc           36%        N/A       13%         1
 Lesser Beckoning         Tloc           36%        N/A       21%         2
 Teleport Other           Tloc           18%        N/A       36%         3
 Manifold Assault         Tloc           18%        N/A       78%         4
 Jinxbite                 Hex            10%        N/A       82%         2
 Vhi's Electric Charge    Tloc/Air       24%        N/A       98%         4
 Alistair's Intoxication  Alch           3%         N/A       100%        5


Dungeon Overview and Level Annotations

Branches:
Dungeon (2/15)

Altars:
Makhleb

Annotations:
D:2 Jessica


Innate Abilities, Weirdness & Mutations

You have very sharp teeth.
Your uncanny sense of smell can sniff out nearby items.
Your experience applies equally to all skills.


Message History

Jessica closely misses you. The +1 spectral club hits you.
A +1 spectral club comes into view.
You barely miss Jessica. You bite Jessica.
Jessica is severely wounded.
Jessica hits you with a +1 spectral club.
The +1 spectral club hits you!
* * * LOW HITPOINT WARNING * * *
You are too injured to fight recklessly!
Unknown command.
You hit Jessica but do no damage. Your bite misses Jessica.
Jessica is severely wounded.
Jessica points at you and mumbles some strange words.
You barely resist.
The +1 spectral club disappears.
Jessica closely misses you. The +1 spectral club hits you.
* * * LOW HITPOINT WARNING * * *
A +1 spectral club comes into view.
Press: ? - help, v - describe, . - travel
Here: Jessica, wielding a +1 spectral club and wearing a +2 robe (severely wounded, fast)
The floor.
Unknown command.
You barely miss Jessica.
Jessica is severely wounded.
Jessica gestures wildly while chanting.
Jessica blinks!
The +1 spectral club disappears.
Reach: a) +0 spear
Press: ? - help, Dir - move target, f - Jessica
Aim: Jessica, wielding a +1 spectral club and wearing a +2 robe (severely wounded, fast, about 37% to evade your +0 spear)
You reach to attack!
You hit Jessica but do no damage.
Jessica is severely wounded.
Jessica gestures at you while chanting.
You feel yourself slow down.
Reach: a) +0 spear
Press: ? - help, Dir - move target, f/p - Jessica
Aim: Jessica, wielding a +1 spectral club and wearing a +2 robe (severely wounded, fast, about 37% to evade your +0 spear)
You reach to attack!
You hit Jessica but do no damage.
Jessica is severely wounded.
Jessica hits you with a +1 spectral club.
* * * LOW HITPOINT WARNING * * *
The +1 spectral club hits you.
You die...

#.##..###### #######.#######
#.###.## #.# # #.# #..# #.# #
###.###..## #.# # #.....#...#
... # #.....#.#.## ... #
#.....#.#..# ... #
#.....#.##.##### #
#..)..#.##...@@#
#.....#.######(g....# #.....#.#
######... #.....#.# #.....#.#
#.....#.#
#.....#.#######################
###+#..........................
#..########################


You could see a +1 spectral club (wandering), Jessica (fast) and a hobgoblin.

Vanquished Creatures
  An adder (D:2)
  A dart slug (D:1)
  A ribbon worm (D:2)
  A bat (D:2)
  2 endoplasms (D:1)
  2 giant cockroaches
  6 goblins
  4 hobgoblins
  3 kobolds
  A ball python (D:2)
  4 rats
26 creatures vanquished.

Notes
Turn   | Place    | Note
-------+----------+-------------------------------------------
     0 | D:1      | Ashen the Gnoll Warper began the quest for the Orb.
     0 | D:1      | Reached XP level 1. HP: 20/20 MP: 6/6
    48 | D:1      | Reached XP level 2. HP: 24/26 MP: 7/7
   855 | D:2      | Reached skill level 5 in Spellcasting
   855 | D:2      | Reached XP level 3. HP: 19/31 MP: 7/9
   997 | D:2      | Reached skill level 1 in Invocations
  1076 | D:2      | Learned a level 2 spell: Blink
  1211 | D:2      | Found a burning altar of Makhleb.
  1361 | D:2      | Noticed Jessica
  1370 | D:2      | Slain by a +1 spectral club

Illustrated notes

Levels and vault maps discovered:
D:1:      lightli_arrival_noodles, layout_loops_cross
D:2:      layout_basic, basic_altar, uniq_robin, uniq_jessica

Skill      XL: |  1  2  3 |
---------------+----------+-----
Spellcasting   | 5 |  5.0
Invocations    | 1 |  1.0
Fighting       | |  4.5
Short Blades   | |  0.9
Long Blades    | |  0.9
Axes           | |  0.9
Maces & Flails | |  0.9
Polearms       | |  4.5
Staves         | |  0.9
Ranged Weapons | |  0.9
Throwing       | |  2.6
Armour         | |  2.6
Dodging        | |  4.5
Stealth        | |  0.9
Shields        | |  0.9
Unarmed Combat | |  0.9
Conjurations   | |  0.6
Hexes          | |  0.6
Summonings     | |  0.6
Necromancy     | |  0.6
Translocations | |  5.4
Fire Magic     | |  0.6
Ice Magic      | |  0.6
Air Magic      | |  0.6
Earth Magic    | |  0.6
Alchemy        | |  0.6
Evocations     | |  0.9
Shapeshifting  | |  0.7

Action                     || total
---------------------------++-------
  Melee: Spear             ||   125
         Bite              ||    14
   Stab: Sleeping          ||     1
 Armour: Leather armour    ||    49
  Dodge: Dodged            ||    47
  Block: Kite shield       ||     6
